[Event "DFMM-LV 2023"]
[Site "Braunfels"]
[Date "2023.06.09"]
[Round "2.2"]
[White "Korenova, Martina"]
[Black "Voicu-Jagodzinsky, Carmen"]
[Result "1/2-1/2"]
[Annotator "TA"]
[ECO "C01"]
[WhiteElo "2151"]
[BlackElo "2297"]
[PlyCount "77"]
[EventDate "2023.06.09"]
[EventType "team-tourn"]
[EventCountry "GER"]
[SourceTitle "playchess.com"]
[Source "ChessBase"]
[SourceQuality "1"]
[TimeControl "40/5400+30:1800+30"]

1. e4 e6 2. d4 d5 3. exd5 exd5 4. Bd3 Nf6 5. Nf3 Bd6 6. Qe2+ Qe7 {[%emt 0:06:24] 6...Be6 is a critical line.} 7. Qxe7+ Kxe7 8. O-O {[%emt 0:05:18] C01: French: Exchange Variation.} h6 9. Re1+ {[%emt 0:00:25] [#]} Kf8 $146 ({Predecessor:} 9... Be6 10. Nh4 Kd8 11. Nf5 Bxf5 12. Bxf5 Nc6 13. c3 Re8 14. Rxe8+ Kxe8 15. Be3 Ne7 {½-½ Delgado Ramirez,N (2613)-Cori,J (2659) American Continental 14th 2018 (6)}) 10. Nc3 {[%emt 0:04:12] White is slightly better.} a6 {[%emt 0:04:13] Prevents Nb5} 11. Ne5 g5 12. f4 g4 13. Ne2 c5 (13... Nc6 $11) 14. c3 {[%emt 0:04:11] White is more active.} (14. b3 $16) 14... Nc6 $14 15. Be3 ({White should play} 15. Nxc6 $14 bxc6 16. dxc5 Bxc5+ 17. Nd4) 15... c4 $11 16. Bc2 Ne7 (16... h5 $1 $11) 17. b3 (17. f5 $14) 17... Bf5 18. Bxf5 Nxf5 19. Bf2 cxb3 20. axb3 Rc8 21. c4 Bb4 22. Red1 Kg7 23. c5 Rhe8 24. Kf1 (24. Ra4 $11 a5 25. Be1) 24... Ne4 $17 25. Ra2 a5 (25... h5 $17 26. Nd3 Bc3) 26. Nd3 (26. Nxg4 $11 {keeps the balance.} h5 27. Ne5) 26... Nc3 ({Black should try} 26... h5 $17 {White must now prevent ...h4.} 27. Kg1 Bc3) 27. Nxc3 $11 Bxc3 28. Ne5 h5 29. Rc2 (29. Rd3 $11 {remains equal.} Bb4 30. h3) 29... Bb4 $17 30. Nd3 Re4 31. Nxb4 (31. g3 $142) 31... axb4 32. g3 Ra8 33. Re2 $2 {[%emt 0:00:52] [#] Inhibits Re3.} (33. Rb2 $17 {was necessary.}) 33... Rxe2 $1 $19 34. Kxe2 {[%emt 0:00:03] KRB-KRN} Ra2+ 35. Rd2 Ra1 36. Rd1 {[%emt 0:00:11] Repels Rh1} Ra2+ 37. Rd2 Ra1 {[%emt 0:00:41] Threatens to win with ...Rh1.} 38. Rd1 {[%emt 0:00:10] Against Rh1} Ra2+ 39. Rd2 {[%emt 0:10:19] Weighted Error Value: White=0.37/Black=0.54} 1/2-1/2

[Event "DFMM-LV 2023"]
[Site "Braunfels"]
[Date "2023.06.09"]
[Round "2.3"]
[White "Cosma, Elena-Luminita"]
[Black "Steinbacher, Claudia"]
[Result "1-0"]
[Annotator "TA"]
[ECO "D30"]
[WhiteElo "2222"]
[BlackElo "2039"]
[PlyCount "111"]
[EventDate "2023.06.09"]
[EventType "team-tourn"]
[EventCountry "GER"]
[SourceTitle "playchess.com"]
[Source "ChessBase"]
[SourceQuality "1"]
[TimeControl "40/5400+30:1800+30"]

1. d4 Nf6 2. Nf3 e6 3. g3 c5 4. Bg2 d5 5. O-O Nc6 6. c4 cxd4 7. cxd5 exd5 8. Nxd4 Bc5 9. Nxc6 {[%emt 0:18:10] D30: Queen's Gambit Declined: Systems without Nc3.} bxc6 10. Qc2 $1 {[%emt 0:00:05] Repels Bf5} Qb6 11. Nc3 $1 {[%emt 0:00:07] Na4 would be deadly. White is better.} Be7 12. Be3 Qa6 13. Na4 O-O 14. Rfc1 {[%emt 0:12:17] White is more active.} Bd7 15. Bc5 Rfe8 16. e3 Rac8 {[%emt 0:04:25] [#]} (16... Qc8 $14) 17. b4 $146 ({Predecessor:} 17. Bf1 Qb7 18. Bxe7 Rxe7 19. Nc5 Qb6 20. Ba6 Rc7 21. Bd3 g6 22. a4 Bc8 23. a5 {½-½ Martin Luis,C (2106)-Mendoza Contreras,L (2060) Tenerife-chT Preferente 2021 (7.2)}) 17... Bg4 18. a3 h6 19. h3 Bh5 20. Bxe7 Rxe7 21. Bf1 Qb7 22. Nc5 Qb6 23. Qa4 Bf3 24. Qa6 $36 {[%emt 0:03:40][%mdl 2048] White has good play.} Qc7 25. Bg2 Bh5 (25... Bxg2 $14 26. Kxg2 Rb8) 26. b5 (26. Nb3 $18) 26... Be2 $16 27. Bf1 (27. a4 $1 $16) 27... Bf3 $2 (27... Bxf1 $11 {and Black has nothing to worry.} 28. Kxf1 Rce8) 28. Nd3 Rce8 (28... Re6 $142 29. Rxc6 Rxc6 30. bxc6 Ne4) 29. Rxc6 $18 ({Weaker is} 29. bxc6 Rxe3 30. Nf4 Rb3 $14) 29... Qb8 30. Rac1 $1 Rb7 (30... Rxe3 $2 31. Rc8 Qb6 32. Qxb6 axb6 33. fxe3 $18) 31. Nc5 Rb6 32. Rxb6 axb6 33. Nb3 Kh7 34. Nd4 (34. Rc3 $142 $1) 34... Rxe3 $16 {[%emt 0:00:51][%cal Of3e4][%mdl 64] Deflection} 35. Nxf3 $1 Rxf3 {[%emt 0:00:02] [#]} 36. Bg2 $1 Rd3 {[%emt 0:01:41] [#]} 37. Qc8 {[%emt 0:00:26] Wards off Ne4} ({Better is} 37. Qa4 $1 $16 {[%cal Ra4c2] Threatens to win with Qc2.} Kh8 38. Qc2) 37... Qe5 $2 (37... Qxc8 $11 {and Black is okay.} 38. Rxc8 Kg6) 38. Qc2 $18 Qf5 39. Bf1 Rf3 40. Qxf5+ {[%emt 0:00:34][%mdl 64] Remove Defender} Rxf5 {[%emt 0:00:02][%mdl 4096] Endgame KRB-KRN} 41. Bd3 Ne4 42. a4 (42. f4 $18) 42... g6 $2 (42... Rf3 $16 43. Bc2 g6) 43. Bxe4 dxe4 {[%emt 0:00:02] KR-KR} 44. Rc6 e3 45. fxe3 Rf3 46. Rxb6 Rxg3+ 47. Kf2 Rxh3 48. a5 Rh2+ 49. Kf3 {[%emt 0:00:14] a6 is the strong threat.} h5 50. a6 {[%emt 0:00:06] a7 would kill now.} Ra2 51. Rb7 h4 52. Kg4 Ra4+ 53. Kh3 g5 54. a7 {[%emt 0:01:08] White wants to mate with Rc7.} Kg6 55. Rb6+ Kh5 56. Ra6 {[%emt 0:00:07] Weighted Error Value: White=0.21 (precise) /Black=0.57} 1-0

[Event "DFMM-LV 2023"]
[Site "Braunfels"]
[Date "2023.06.09"]
[Round "2.4"]
[White "Just, Anita"]
[Black "Hess, Olena"]
[Result "0-1"]
[Annotator "TA"]
[ECO "C41"]
[WhiteElo "1910"]
[BlackElo "2078"]
[PlyCount "166"]
[EventDate "2023.06.09"]
[EventType "team-tourn"]
[EventCountry "GER"]
[SourceTitle "playchess.com"]
[Source "ChessBase"]
[SourceQuality "1"]
[TimeControl "40/5400+30:1800+30"]

1. e4 d6 2. d4 Nf6 3. Nc3 e5 4. Nf3 Nbd7 5. Bc4 Be7 6. O-O O-O 7. h3 c6 8. dxe5 dxe5 9. a4 Qc7 10. Qe2 Nc5 11. Bg5 Ne6 {[%emt 0:05:09] C41: Philidor Defence.} 12. Be3 b6 {[%emt 0:05:06] [#]} 13. Nh2 $146 (13. Ng5 $11) ({Predecessor:} 13. Rad1 a6 14. a5 b5 15. Bb6 Qb8 16. Ba2 Nf4 17. Qe3 h6 18. Bc5 Nxg2 19. Kxg2 Bxh3+ 20. Kxh3 {1-0 Kharashkina,B (2177)-Movsesian,J (2277) RUS-ch 1L (Women) 2004 (2)}) 13... Nd4 $15 {[%emt 0:04:56] Black is slightly better.} 14. Qd1 Rd8 15. Bd3 Bb7 16. Ng4 Ne6 17. Nxf6+ Bxf6 18. Qg4 Bc8 19. Qg3 Nf4 20. Bc4 Be6 21. Bxe6 Nxe6 22. Rfd1 Qe7 23. Qg4 Qb4 24. Rxd8+ Rxd8 25. Rb1 Nd4 26. Bg5 Bxg5 27. Qxg5 f6 28. Qg4 Kh8 ({Much weaker is} 28... Nxc2 $6 29. Qe6+ Kf8 30. Qxc6 $11) 29. Qd1 Qc4 {[%emt 0:03:22] Black is much more active.} 30. Kh1 h6 31. Qd3 (31. Qd2 $17) 31... Qxd3 $19 32. cxd3 {[%emt 0:00:04][%mdl 4096] Endgame KRN-KRN} Ne6 33. Rd1 Nc5 34. Kg1 (34. b4 {might work better.} Nxd3 35. Kg1) 34... Rxd3 (34... Nxd3 35. Ne2 Rd7 36. f3 $17) 35. Rxd3 Nxd3 {[%emt 0:00:02] KN-KN} 36. Nd1 Kg8 37. Kf1 Kf7 38. Ke2 Nf4+ 39. Kf3 Ke7 40. h4 g6 41. g3 Ne6 42. Ke3 Kd6 43. Kd2 a5 44. f3 (44. g4 {is a better defense.}) 44... Kc5 45. Ne3 h5 {[%emt 0:00:35] Wards off Ng4} 46. Ng2 Kd4 47. Ne1 b5 48. axb5 cxb5 49. Nc2+ Kc4 50. Ne3+ Kb3 51. Kc1 Nd4 52. Nd5 Nxf3 53. Nxf6 a4 {[%emt 0:00:13] [#] Strongly threatening ...b4.} 54. Nd7 Kc4 55. Kc2 Kd4 56. Nf6 b4 {[%emt 0:00:30] ...a3 is the strong threat.} 57. Nd7 a3 {[%emt 0:02:16] [#] ( -> ...a2)} 58. bxa3 bxa3 ({Weaker is} 58... Kxe4 59. axb4 Kd5 60. Kd3 $11) 59. Kb3 Kxe4 60. Kxa3 Nd4 61. Kb2 Ne2 62. Kc2 Nxg3 63. Nf8 Kf5 64. Kd2 Ne4+ 65. Ke3 Nf6 66. Kf3 e4+ 67. Kg3 Ng4 68. Nh7 Ne5 69. Ng5 e3 70. Nh3 e2 71. Kf2 Kg4 72. Ng1 Kxh4 73. Nxe2 g5 {[%emt 0:00:42] Black mates.} 74. Kg2 Nd3 75. Nd4 g4 76. Ne6 g3 77. Nd4 Kg4 78. Nc2 Nf4+ 79. Kg1 h4 80. Ne3+ Kf3 81. Nf5 Ne2+ 82. Kh1 g2+ 83. Kh2 g1=Q+ {[%emt 0:00:13] Weighted Error Value: White=0.60/Black=0.08 (flawless)} 0-1

[Event "DFMM-LV 2023"]
[Site "Braunfels"]
[Date "2023.06.09"]
[Round "2.5"]
[White "Trunz, Michelle"]
[Black "Daemering, Katrin"]
[Result "0-1"]
[Annotator "TA"]
[ECO "E90"]
[WhiteElo "2010"]
[BlackElo "1944"]
[PlyCount "150"]
[EventDate "2023.06.09"]
[EventType "team-tourn"]
[EventCountry "GER"]
[SourceTitle "playchess.com"]
[Source "ChessBase"]
[SourceQuality "1"]
[TimeControl "40/5400+30:1800+30"]

1. d4 Nf6 2. c4 g6 3. Nc3 Bg7 4. e4 d6 5. h3 O-O 6. Nf3 Nc6 7. Bg5 {[%emt 0:01:44] E90: King's Indian: Classical: Early deviations and 6 h3.} h6 8. Be3 e5 $1 9. d5 {[%emt 0:00:28] White is slightly better.} Ne7 (9... Nd4 $1 $14) 10. g4 c6 {[%emt 0:03:08] [#]} 11. Bd3 $146 (11. Qd2 $5 ) ({Predecessor:} 11. Nd2 Ne8 12. Rg1 Kh7 13. Qc2 cxd5 14. cxd5 Nc7 15. g5 h5 16. b4 Bd7 17. b5 {1-0 Tomazini,A (2255)-Tolic,M (2072) Sentjur Ipavec Memorial 11th 2010 (2)}) 11... b5 12. b3 {[%emt 0:14:09] [#]} (12. cxb5 cxd5 13. g5 hxg5 14. exd5 (14. Bxg5 $2 d4 $19) 14... Nexd5 15. Nxd5 Nxd5 16. Bxg5 Nf6 $17) (12. dxc6 $11 bxc4 13. Bxc4) 12... bxc4 ({Black should try} 12... b4 $1 $17 13. Ne2 cxd5 14. cxd5 Nexd5 15. exd5 e4) 13. bxc4 $11 cxd5 14. cxd5 Qa5 15. Qd2 Ba6 16. O-O (16. Bxh6 $2 Bxh6 17. g5 Bxd3 18. Qxd3 Nxe4 19. gxh6 Nxc3 $19) 16... Bxd3 (16... Nxe4 $1 $11 17. Bxe4 f5 18. gxf5 gxf5 19. Bxh6 Rf7) 17. Qxd3 $14 Rfc8 18. Nb5 (18. Rac1 $14 {keeps the upper hand.}) 18... Nxe4 $17 {[%emt 0:00:00][%mdl 64] Deflection} 19. Nxa7 $2 (19. Nd2 $17 Nxd2 20. Bxd2) 19... Nc5 $19 (19... Qxd5 20. Qxd5 Nxd5 21. Nxc8 Rxc8 22. a4 $11) (19... Rxa7 $2 20. Qxe4 (20. Bxa7 $2 Nc3 $19) 20... Rac7 21. Bd2 $19) 20. Bxc5 Rxc5 21. Nc6 Nxc6 22. dxc6 e4 {[%emt 0:00:00][%mdl 64] Discovered Attack} (22... Rxc6 $2 23. Rfc1 Rxc1+ 24. Rxc1 $19) 23. Qxe4 Bxa1 24. Rxa1 d5 (24... Qc3 $2 25. Rd1 Rc4 26. Rd4 Rxc6 27. Rxd6 Rxd6 28. Qxa8+ Kg7 29. Kh1 $19) 25. Qf4 Qc3 {[%emt 0:00:00] Prevents Ne5.} (25... Rxc6 $2 26. Kg2 $19) 26. Rb1 (26. Rd1 $142 Rc4 27. Rd4) 26... Rxc6 {[%emt 0:00:00] aiming for ...Rf6.} (26... Rxa2 $2 27. Ne5 $18 (27. Rb8+ Kg7 $17) (27. Rb8+ Kg7 $17)) 27. Ne5 Rc7 {[%emt 0:00:00] Hoping for ...Re7.} 28. Kg2 Kg7 (28... Rxa2 $2 29. Qf6 Ra8 30. Rd1 $19) 29. Rb6 Rf8 ({Worse is} 29... Rxa2 30. Qf6+ Kh7 31. Rc6 $15 (31. Nxf7 $2 {loses.} Qxf6 32. Rxf6 Kg7 $19) (31. Rb8 $2 Rxf2+ {[%mdl 64] Deflection} 32. Qxf2 Qxe5 $19) (31. Nxf7 $2 Qxf6 {[%mdl 64] Remove Defender} 32. Rxf6 Kg7 $19) (31. Rb8 $2 Rxf2+ {[%mdl 64] Deflection} 32. Qxf2 Qxe5 $19)) 30. Qf6+ Kg8 31. Rb3 (31. g5 $142 hxg5 32. Qxg5) 31... Qd4 32. Rf3 Qe4 33. Kg3 d4 (33... Qb4 $19 {White must now prevent ...Qe7.} 34. Kg2 Qe7) 34. Qd6 $17 Rfc8 ({Black should play} 34... Rc3 $17 35. Rxc3 dxc3) 35. Nd7 $1 $11 Qe6 36. Nf6+ Kh8 37. Qxd4 {[%emt 0:01:06] White is on the road to losing.} (37. Qf4 $1 $11 {and White stays safe.} g5 38. Qxd4) 37... Rc4 $1 $19 (37... Qxa2 $2 38. Ne8+ f6 39. Nxc7 $18) 38. Qd2 Kg7 39. Kg2 Qc6 $36 {[%emt 0:00:52][%mdl 2048] Threatens to win with ...Rc3. White is under strong pressure.} 40. Qb2 (40. Nd5 $17 {is a better defense.} Qc5 41. Rd3) 40... Rc3 41. Qxc3 Qxc3 42. Rxc3 Rxc3 {[%emt 0:00:05][%mdl 4096] Endgame KR-KN} 43. Ne4 Ra3 44. f3 Rxa2+ 45. Kg3 Kf8 46. h4 Ke7 {[%emt 0:01:19] Dodges Nf6} 47. g5 $2 {[%emt 0:01:25] [#]} (47. Nc3 $19 Ra3 48. Nb5) 47... h5 $1 48. Nc3 Rc2 49. Nd5+ Ke6 50. Nf6 Rc4 51. Ne8 Ke5 52. Nf6 Rd4 53. Ne8 Rd8 54. Nf6 Kd4 55. Kf4 Rd6 {[%emt 0:03:46] ( -> ...Rd8)} 56. Ne4 Rd5 57. Nf2 Rf5+ 58. Kg3 Ke3 59. Nd1+ Kd2 60. Nf2 Ke2 61. f4 Ra5 62. Ne4 Ra3+ 63. Kg2 Rf3 64. f5 Rf4 (64... Rxf5 $142 65. Nd6 Rf4) 65. fxg6 fxg6 ({Stronger than} 65... Rxe4 66. gxf7 Rf4 67. g6 $11) 66. Ng3+ Ke3 67. Kh3 Rf3 68. Kg2 Rf2+ 69. Kh3 Kf4 70. Ne2+ Ke3 $2 (70... Ke5 {mates} 71. Ng3 Rf3 72. Kg2 Kf4 73. Ne2+ Kg4 74. Nd4 Rg3+ 75. Kf2 Kxh4 76. Nc6 Ra3 77. Kg2 Rg3+ 78. Kh2 Rc3 79. Nb4 Rb3 80. Nd5 Rb2+ 81. Kg1 Kg3 82. Nc3 Kf3 83. Kf1 h4 84. Ke1 h3 85. Nb1 h2 86. Nd2+ Kf4 87. Ke2 h1=Q 88. Kd3 Qd5+ 89. Kc3 Qxd2+ 90. Kc4 Ke5 91. Kc5 Qd5#) 71. Nc3 $2 (71. Ng3 $11 Kf3 72. Ne4 Kxe4 73. Kg3 Rf4 74. Kg2 Ke3 75. Kg3 Rg4+ {[%mdl 64] Deflection} 76. Kh2 Kf2 77. Kh3 Rf4 78. Kh2 Rxh4#) 71... Rd2 {[%emt 0:00:23] Black mates.} 72. Na4 Kf4 73. Nc5 Rd6 74. Kg2 Kg4 75. Ne4 Ra6 {[%emt 0:00:25] Weighted Error Value: White=0.51/Black=0.31} 0-1

[Event "DFMM-LV 2023"]
[Site "Braunfels"]
[Date "2023.06.09"]
[Round "2.6"]
[White "Kosovska, Olena"]
[Black "Trunz, Elena"]
[Result "0-1"]
[Annotator "TA"]
[ECO "A27"]
[WhiteElo "1894"]
[BlackElo "2122"]
[PlyCount "106"]
[EventDate "2023.06.09"]
[EventType "team-tourn"]
[EventCountry "GER"]
[SourceTitle "playchess.com"]
[Source "ChessBase"]
[SourceQuality "1"]
[TimeControl "40/5400+30:1800+30"]

1. c4 e5 2. Nc3 Nc6 3. Nf3 f5 4. e4 Bc5 5. exf5 d6 6. Bd3 {[%emt 0:05:12] A27: English Opening: Three Knights Variation.} Nh6 {[%emt 0:06:23][%cal Bg8h6,Bh6f7,Bf7g5,Bg5e4][%mdl 32] [#]} 7. f6 $146 ({Predecessor:} 7. Be4 Nxf5 8. O-O O-O 9. d3 Ncd4 10. Nxd4 Bxd4 11. Ne2 Bb6 12. Ng3 c6 13. Bxf5 Bxf5 {½-½ Anastasian,A (2588)-Nikolic,P (2652) FIDE-Wch k.o. 2001 (3.1)}) 7... Qxf6 8. Ne4 {[%emt 0:01:38] The position is equal.} Qe7 9. Nxc5 dxc5 10. Be4 Bd7 (10... Bf5 $5 11. Bxc6+ bxc6 $11) 11. d3 Nf7 12. Bd2 O-O-O 13. a3 g5 {[%emt 0:02:33][%cal Bg7g5,Bg5g4][%mdl 32] Strongly threatening ...g4.} 14. Bc3 g4 15. Nd2 h5 16. b4 Ng5 17. bxc5 (17. O-O $11 {remains equal.}) 17... Nxe4 (17... h4 {keeps more tension.} 18. Qe2 Qxc5 19. O-O g3) 18. Nxe4 Bf5 {[%emt 0:00:18] [#] aiming for ...Bxe4.} 19. Qe2 Bxe4 20. Qxe4 Qxc5 21. O-O Qd6 22. Rfd1 Rd7 23. Rab1 Rf7 24. Rb5 Qf6 ({Black should play} 24... Qxa3 $15 25. Bd2 (25. Bxe5 Re8 $15) 25... Rd8) 25. Rd2 (25. Bxe5 $2 Qxf2+ 26. Kh1 Qf1+ 27. Rxf1 Rxf1#) 25... Re7 26. Rdb2 b6 27. a4 Qf4 28. Qe1 (28. Qxc6 $2 Qc1+) (28. Qxf4 $11 exf4 29. Kf1 (29. Bxh8 $2 Re1#)) 28... h4 {[%emt 0:05:42] Black is more active.} (28... Rhe8 $17 29. Qe4 Rd8) 29. g3 $2 (29. Re2 $15) 29... hxg3 $2 (29... Qf3 $19 {...Nd4 is the strong threat.} 30. Qf1 (30. Qe2 $2 Nd4 $19) 30... Rd7) 30. fxg3 $15 Qf3 31. Qe2 Qxe2 (31... Rf8 $15 32. Bb4 Nxb4 33. R5xb4 Rd7) 32. Rxe2 $11 Rd8 33. Re3 (33. Bxe5 $2 a6 34. Rb1 Rxe5 $19) (33. Rd5 $11) 33... Red7 $17 {[%emt 0:00:18] Black converts the advantage convincingly.} 34. Bxe5 Rxd3 35. Rxd3 Rxd3 {[%emt 0:00:06][%mdl 4096] Endgame KRB-KRN} 36. Bf4 {[%emt 0:00:22] [#]} Nd4 $1 37. Rg5 (37. Rh5 $17) 37... Nf3+ $19 38. Kg2 Nxg5 39. Bxg5 {[%emt 0:00:03] KR-KB} Rc3 40. h4 gxh3+ {[%emt 0:00:05] Black mates.} 41. Kxh3 a5 42. Bf6 Rxc4 43. g4 Kd7 44. g5 Rxa4 45. g6 Ke6 46. Be5 Rc4 ({Worse is} 46... Kxe5 47. g7 $11) 47. g7 Kf7 ({Weaker is} 47... Kxe5 48. g8=Q (48. g8=B {gets mated.} b5 49. Bh7 a4 50. Bb1 b4 51. Bg6 b3 52. Bf7 Rc3+ 53. Kh4 a3 54. Bh5 a2 55. Kg5 Rg3+ 56. Bg4 a1=Q 57. Kh5 Qh1+ {[%mdl 64] Deflection} 58. Kg6 Rxg4+ 59. Kf7 Qh7+ 60. Kf8 Rg8#) 48... Kd4 49. Qg7+ Kd3 50. Kg3 $11) 48. Kg3 a4 49. Kf3 b5 50. Ke3 a3 51. Kd3 a2 52. Kd2 Rg4 53. Kc2 Rg1 {[%emt 0:00:00] Weighted Error Value: White=0.55/Black=0.17 (very precise)} 0-1

[Event "DFMM-LV 2023"]
[Site "Braunfels"]
[Date "2023.06.09"]
[Round "2.7"]
[White "Sereda, Yaroslava"]
[Black "Lowke, Kathrin"]
[Result "0-1"]
[Annotator "TA"]
[ECO "B38"]
[WhiteElo "1913"]
[BlackElo "1848"]
[PlyCount "122"]
[EventDate "2023.06.09"]
[EventType "team-tourn"]
[EventCountry "GER"]
[SourceTitle "playchess.com"]
[Source "ChessBase"]
[SourceQuality "1"]
[TimeControl "40/5400+30:1800+30"]

1. e4 c5 2. Nf3 Nc6 3. d4 cxd4 4. Nxd4 g6 5. c4 Bg7 6. Be3 Nf6 7. Nc3 O-O 8. Be2 d6 9. O-O Bd7 10. Nc2 {[%emt 0:13:08] 10.h3 is setting a new trend.} Qc8 11. f3 {[%emt 0:04:23] B38: Sicilian: Maroczy Bind with 5...Bg7 and 7...0-0.} Ne5 12. b3 Bc6 13. Rc1 {[%emt 0:04:38] White is better.} a5 {[%emt 0:03:31] [#]} 14. Qd2 $146 ({Predecessor:} 14. Nd4 Bd7 15. Ndb5 Bc6 16. Nd5 Bxd5 17. cxd5 Qd8 18. Rc7 Qb8 19. f4 Ned7 20. Qd3 {1-0 Rychagov,M (2395)-Pesola,J (2032) Heart of Finland op 15th 2005 (1)}) 14... h5 15. Nd4 b6 (15... Ned7 $16) 16. Nd5 $18 Bxd5 17. cxd5 (17. exd5 $6 Ned7 18. h3 Re8 $16) 17... Qb7 18. Bb5 {[%emt 0:07:24] Black is weak on the light squares} Rac8 19. Qf2 Nfd7 20. a3 Nc5 21. Qe2 {[%emt 0:02:39] Wards off Ned3. b4 would be deadly.} Rc7 (21... a4 {was worth a try.}) 22. b4 Ncd7 23. Nc6 Nb8 {[%emt 0:01:22] Repels Ba6} 24. bxa5 Nexc6 25. dxc6 Nxc6 26. Ba6 {[%emt 0:02:26] A strong pair of Bishops.} (26. axb6 Nd4 27. Rxc7 Nxe2+ 28. Bxe2 Qb8 $18) (26. Bxb6 Bd4+ 27. Kh1 Bxb6 28. Bxc6 (28. axb6 Qxb6 29. Bxc6 Rxc6 $11) 28... Rxc6 $11) (26. Qc4 $142 bxa5 27. Bxc6) 26... Qb8 (26... Nd4 $2 27. Qd3 Qa7 28. Rxc7 (28. Bxd4 Rxc1 29. Rxc1 Bxd4+ 30. Qxd4 Qxa6 $16) 28... Qxc7 29. Bxd4 $18) 27. Rb1 $2 (27. Bxb6 $6 Bd4+ 28. Bxd4 Nxd4 $11) ({White should try} 27. axb6 $18 Nd4 28. bxc7 Nxe2+ 29. Kf2 (29. Bxe2 Qb3 $14)) 27... Nd4 $2 (27... Nxa5 $11 28. Bxb6 (28. Rxb6 Qe8 $11) 28... Rc6) 28. Qd1 (28. Qd2 $18 Ne6 29. Bxb6 (29. Rxb6 Qd8 $16) (29. axb6 Rc3 $16)) 28... Ra7 (28... Ne6 $16 {keeps fighting.}) 29. Rxb6 Qa8 30. Bxd4 (30. Bc4 $1 $18 {[%cal Rc4d5] Hoping for Bd5.} Qc8 31. Qd3) 30... Bxd4+ $11 31. Qxd4 Rxa6 32. Rxa6 Qxa6 $18 {[%emt 0:00:03][%mdl 4096] Endgame KQR-KQR} 33. Qb6 Ra8 34. Rc1 Qxa5 35. Rc8+ {[%emt 0:00:29][%mdl 64] Deflection} Kg7 36. Qb2+ f6 37. Rc3 Qa4 (37... Qe5 $15 38. Qc1 Ra5) 38. Rb3 (38. Rc7 $5 Kf8 39. Qc1 $11) 38... Qa5 39. g3 (39. Rc3 $11 {remains equal.}) 39... Qe1+ $17 40. Kg2 Rc8 41. Qf2 Qd1 42. Rb2 Rc1 {[%emt 0:00:30] Black is more active.} 43. Qe2 Qh1+ 44. Kh3 Rc3 45. Rb7 $2 (45. Qg2 $17 Qd1 46. Qe2 (46. Rb7 $2 Rc2 $19) 46... Qxe2 47. Rxe2) 45... Rxf3 $2 (45... g5 $19 46. e5 (46. Rxe7+ $2 Kf8 $19) 46... dxe5 47. Rxe7+ Kh6) 46. Rxe7+ $11 Kh6 {[%emt 0:00:03] Threatens to win with ...g5.} 47. a4 $2 {[%emt 0:02:04][%mdl 8192] [#]} (47. Re8 $11) 47... g5 $1 $19 (47... Qf1+ 48. Qxf1 Rxf1 49. Rd7 $11) 48. Re6 h4 $2 (48... Qg1 {mates} 49. Qxf3 g4+ {[%mdl 64] Deflection} 50. Qxg4 Qf1+ 51. Kh4 hxg4 52. Kxg4 Qe2+ 53. Kf4 Kh5 54. g4+ Qxg4+ 55. Ke3 Qxe6 56. a5 d5 57. a6 Qxe4+ 58. Kd2 d4 59. a7 Qe3+ 60. Kc2 d3+ {[%mdl 64] Discovered Attack} 61. Kb2 Qd4+ 62. Ka3 Qxa7+ 63. Kb2 Qd4+ 64. Kc1 d2+ 65. Kd1 f5 66. h4 Kxh4 67. Ke2 d1=Q#) 49. Kg4 $1 $11 Rf1 $132 {[%emt 0:03:18][%mdl 2048] Black is not keeping still} 50. Qe3 (50. gxh4 Rf4+ 51. Kh3 Rxh4+ 52. Kg3 Qg1+ 53. Qg2 Rg4+ 54. Kf3 Rxg2 55. e5 d5 56. Rxf6+ Kh5) (50. Rxd6 $2 hxg3 51. Qe3 Rf4+ 52. Kxg3 Rf1 $19) 50... Kg7 {[%emt 0:03:33] Chess con chili.} 51. Rxd6 {[%emt 0:00:33] Threatening mate with e5.} (51. gxh4 Qxh2 52. hxg5 Qg2+ 53. Qg3 Qe2+ 54. Kh4 Rh1+) 51... Qxh2 {[%emt 0:01:21] ( -> ...hxg3)} (51... Re1 $5 52. Qa7+ $8 (52. Rd7+ $2 Kg6 $19) 52... Kg6 53. Rxf6+ {[%mdl 64] Decoy} (53. gxh4 $2 Qg2#) (53. Qf2 {is a self mate.} Qxe4+) 53... Kxf6 54. Qd4+ Ke7 55. Qg7+ Ke6 56. Qg8+ Kd6 57. Qd5+ Ke7 58. Qb7+ (58. Kxg5 $2 {too greedy.} Qxe4 59. Qc5+ Kf7 $19) (58. Qxg5+ Kd7 $11) 58... Kf8 59. Qc8+ Kg7 60. Qd7+ Kh6 61. Qe6+ Kh7 62. Qf7+ Kh8 63. Qh5+ Kg7 64. Qxg5+ Kf8 65. Qf6+ (65. Kxh4 Qxh2+ 66. Kg4 Qe2+ 67. Kf5 Qxe4+ 68. Kf6 Qe6#) 65... Kg8 66. Qg6+ Kf8 67. Qf5+ (67. gxh4 Rxe4+) 67... Kg7 68. Qe5+ Kf8 69. Qf6+ (69. Kxh4 Rxe4+) 69... Kg8 70. Qg5+ Kf8 71. Qd8+ (71. Kxh4 Qxh2+ 72. Kg4 Qe2+ 73. Kf5 Qxe4+ 74. Kf6 Qe6#) 71... Kf7 72. Qd7+ Kf8 73. Qf5+ (73. Kxh4 Qxh2+ 74. Kg4 Rxe4+ 75. Kf5 Qh3+ {[%mdl 64] Skewer} 76. Kxe4 Qxd7 77. a5 Qa4+ 78. Kf3 Qxa5 79. Ke4 Qc3 80. g4 Kg7 81. g5 Qc4+ 82. Kf3 Kg6 83. Ke3 Kxg5 84. Kf3 Kh4 85. Kf2 Qe4 86. Kg1 Qe2 87. Kh1 Kg3 88. Kg1 Qg2#) 73... Ke7 74. Qe5+ (74. Kxh4 $2 Qxh2+ 75. Kg4 Qe2+ 76. Kg5 Qxe4 $19) 74... Kf8 75. Qf6+ $11 (75. Kxh4 Rxe4+)) 52. Rd7+ $2 (52. e5 $11 Qxg3+ 53. Qxg3 hxg3 54. Kxg3) 52... Kg6 {[%emt 0:00:15] Black mates.} 53. Rd2 Qh1 54. Rf2 Rxf2 {[%emt 0:01:52][%mdl 64] Deflection} 55. Qxf2 Qxe4+ 56. Kh3 Qxa4 57. gxh4 Qxh4+ 58. Qxh4 gxh4 59. Kxh4 {[%emt 0:00:40] KP-K} Kf5 60. Kg3 {[%emt 0:00:39] [#]} Ke4 $1 61. Kf2 Kf4 {[%emt 0:00:10] What a bad dream for White.   Weighted Error Value: White=0.66/Black=0.41} 0-1

[Event "DFMM-LV 2023"]
[Site "Braunfels"]
[Date "2023.06.09"]
[Round "2.8"]
[White "Gottschall, Ina"]
[Black "Moeller, Lisa-Marie"]
[Result "0-1"]
[Annotator "NA RC COMBH"]
[ECO "A00"]
[WhiteElo "1673"]
[BlackElo "1897"]
[PlyCount "86"]
[EventDate "2023.06.09"]
[EventType "team-tourn"]
[EventCountry "GER"]
[SourceTitle "playchess.com"]
[Source "ChessBase"]
[SourceQuality "1"]
[TimeControl "40/5400+30:1800+30"]

1. g3 c5 2. Bg2 Nc6 3. d3 g6 4. Nf3 Bg7 5. c4 Nf6 6. O-O O-O 7. Be3 Ng4 8. Nc3 Nxe3 9. fxe3 Bh6 10. Qd2 d6 11. Nd1 Be6 12. Qc3 Rc8 13. d4 cxd4 14. exd4 Na5 15. b3 b5 16. d5 Bxd5 17. Qd3 Bxf3 18. Bxf3 bxc4 19. bxc4 Nxc4 20. Bd5 Qb6+ 21. Kh1 Ne5 22. Qe4 e6 23. Bb3 Qc6 24. Qxc6 Rxc6 25. Nb2 Rfc8 26. e4 Rc1 27. Raxc1 Rxc1 28. Rxc1 Bxc1 29. Nd1 Bd2 30. Kg2 Nd3 31. Kf3 Nc5 32. Bc4 Kg7 33. Nf2 h5 34. h4 Kf6 35. g4 Be1 36. gxh5 Bxf2 37. Kxf2 gxh5 38. Ke3 Ke5 39. Be2 Nxe4 40. Bxh5 f5 41. Bg6 Kf6 42. h5 Kg5 43. Bf7 $19 e5 0-1